 Dungeon Crawl Stone Soup version 0.24.1-8-ga250c9d538 (webtiles) character file.

Game seed: 12244211902156889323, levelgen mode: deterministic

514 Peloso the Shield-Bearer (level 7, 47/54 HPs)
             Began as a Demonspawn Fighter on May 1, 2020.
             Got out of the dungeon alive.
             The game lasted 00:07:24 (2833 turns).

Peloso the Shield-Bearer (Demonspawn Fighter)       Turns: 2833, Time: 00:07:24

Health: 47/54      AC: 12    Str: 18    XL:     7   Next: 0%
Magic:  7/7        EV:  6    Int: 10    God:
Gold:   229        SH:  9    Dex: 12    Spells: 6/6 levels left

rFire    . . .     SeeInvis .   a - +0 long sword
rCold    . . .     Gourm    .   c - +0 shield
rNeg     . . .     Faith    .   l - +0 plate armour
rPois    .         Spirit   .   (helmet restricted)
rElec    .         Reflect  .   (no cloak)
rCorr    .         Harm     .   s - +0 pair of gloves
MR       .....                  (no boots)
Stlth    ..........             (no amulet)
HPRegen  0.18/turn              (no ring)
MPRegen  0.10/turn              (no ring)

@: no status effects
A: antennae 1, repulsion field 2, demonic guardian 1
a: no special abilities


You escaped.
You were very hungry.

You visited 1 branch of the dungeon, and saw 4 of its levels.

You collected 229 gold pieces.

Inventory:

Hand Weapons
 a - a +0 long sword (weapon)
Armour
 b - a +0 scale mail
 c - a +0 shield (worn)
 l - a +0 plate armour (worn)
 s - a +0 pair of gloves (worn)
Wands
 t - a wand of random effects (10)
Scrolls
 e - 3 scrolls of fog {unknown}
 g - a scroll of noise {unknown}
 h - a scroll of random uselessness {unknown}
 i - 4 scrolls of remove curse
 j - 2 scrolls of enchant armour {unknown}
 k - a scroll of teleportation {unknown}
 m - a scroll of magic mapping {unknown}
 n - a scroll of fear {unknown}
 o - a scroll of immolation {unknown}
 p - 2 scrolls of enchant weapon {unknown}
 q - a scroll of identify {unknown}
 u - a scroll of blinking {unknown}
Potions
 d - 2 potions of degeneration {unknown}
 r - a potion of curing
Comestibles
 f - 6 rations


   Skills:
 + Level 4.2 Fighting
 + Level 4.3 Long Blades
 + Level 3.8 Armour
 + Level 0.3 Dodging
 + Level 0.1 Stealth
 + Level 4.3 Shields


You had 6 spell levels left.
You didn't know any spells.
Your spell library was empty.

Dungeon Overview and Level Annotations

Branches:
Dungeon (4/15)
 Temple: D:4-7

Altars:
Cheibriados
Elyvilon
Gozag
Hepliaklqana
Kikubaaqudgha
Nemelex Xobeh
Trog
Wu Jian
Yredelemnul


Innate Abilities, Weirdness & Mutations

You have a pair of small antennae on your head.
You are surrounded by a moderate repulsion field. (EV +3)
A weak demonic guardian rushes to your aid.


Message History

Found a scroll labeled KAUGRI GEITU.
There is a stone staircase leading up here.
You climb upwards.
There is a stone staircase leading down here.
There is a stone staircase leading up here.
You climb upwards.
There is a stone staircase leading down here.
You see here a leather armour.
You open the door.
There is an open door here.
There is a stone staircase leading up here.
You climb upwards.
There is a stone staircase leading down here.
You are feeling very hungry.
You see here a stone.
There is a staircase leading out of the dungeon here.
Are you sure you want to leave the Dungeon?
This will make you lose the game!
Alright, then stay!
Are you sure you want to leave the Dungeon?
This will make you lose the game!
You have escaped!

..........##.###....###
..###.#######.'...#...#
..# #.# ####.###.## ..#
#.# #(# #.## .## #.#
##.# #..# .# #.#
###.(####.# .# #.#
##..#..###.# ## #.#
#..###(##.## #(#
#.###@....## #.######.#
###..#.# # #......#.#
###### # #.####...# #
#.# ##### # #.# ## #.#
.# #.# .# #.#


There were no monsters in sight!

Vanquished Creatures
  Menkaure (D:4)
  An ogre (D:4)
  A crocodile (D:4)
  Natasha (twice) (D:4)
  5 adders
  2 dart slugs (D:1)
  2 leopard geckos
  10 orcs
  5 ball pythons
  A giant cockroach (D:1)
  7 goblins
  4 hobgoblins (D:1)
  10 jackals
  10 kobolds
  A quokka (D:2)
  7 bats
  A frilled lizard (D:1)
  A leopard gecko skeleton (D:4)
  10 rats
81 creatures vanquished.

Vanquished Creatures (collateral kills)
  A bullfrog (D:3)
  Natasha (D:4)
  Terence (D:2)
  2 orc wizards (D:4)
5 creatures vanquished.

Grand Total: 86 creatures vanquished

Notes
Turn   | Place    | Note
-------+----------+-------------------------------------------
     0 | D:1      | Peloso the Demonspawn Fighter began the quest for the Orb.
     0 | D:1      | Reached XP level 1. HP: 18/18 MP: 1/1
   105 | D:1      | Gained mutation: You are surrounded by a mild repulsion
                  | field. (EV +2) [demonic ancestry]
   105 | D:1      | Reached XP level 2. HP: 16/24 MP: 2/2
   357 | D:1      | Gained mutation: A weak demonic guardian rushes to your
                  | aid. [demonic ancestry]
   357 | D:1      | Reached XP level 3. HP: 28/29 MP: 3/3
   558 | D:2      | Found a snail-covered altar of Cheibriados.
   582 | D:2      | Found a sparkling altar of Nemelex Xobeh.
   928 | D:2      | Reached XP level 4. HP: 35/35 MP: 4/4
   933 | D:2      | Found a basalt altar of Yredelemnul.
  1019 | D:2      | Noticed Terence
  1027 | D:2      | Killed Terence
  1191 | D:2      | Found an ornate altar of the Wu Jian Council.
  1414 | D:3      | Noticed a bullfrog
  1423 | D:3      | Killed a bullfrog
  1456 | D:3      | Gained mutation: You are surrounded by a moderate repulsion
                  | field. (EV +3) [demonic ancestry]
  1456 | D:3      | Reached XP level 5. HP: 42/42 MP: 5/5
  1529 | D:3      | Found an ancient bone altar of Kikubaaqudgha.
  1556 | D:3      | Found a hazy altar of Hepliaklqana.
  1712 | D:3      | Found a white marble altar of Elyvilon.
  1889 | D:3      | Found an opulent altar of Gozag.
  2012 | D:3      | Found a bloodstained altar of Trog.
  2122 | D:4      | Noticed Menkaure
  2122 | D:4      | Noticed a crocodile
  2134 | D:4      | Killed Menkaure
  2134 | D:4      | Reached XP level 6. HP: 47/48 MP: 6/6
  2567 | D:4      | Noticed Natasha
  2576 | D:4      | Killed Natasha
  2597 | D:4      | Noticed Natasha
  2605 | D:4      | Killed Natasha
  2654 | D:4      | Noticed Natasha
  2670 | D:4      | Killed Natasha
  2704 | D:4      | Gained mutation: You have a pair of small antennae on your
                  | head. [demonic ancestry]
  2704 | D:4      | Reached XP level 7. HP: 23/54 MP: 7/7
  2833 | D:$      | Got out of the dungeon alive.

Levels and vault maps discovered:
D:1:      dpeg_arrival_round_a, layout_basic, minmay_misc_feat_roman
D:2:      layout_loops_corners, yredelemnul_altar_generic,
          overflow_temple_1_default, old_standard_altar, cheibriados_altar_1,
          uniq_terence
D:3:      layout_loops_cross, nicolae_gozag_cash_rules_everything_around_me,
          kiku_gazebo_garden_becter, elyvilon_altar_1, lemuel_crystal_altar,
          nicolae_overflow_crystal_walls, first_ration, st_stairs_8
D:4:      layout_cave_pools, ebering_ghost_inner_flame, cheibrodos_gnoll_hut,
          uniq_menkaure, uniq_natasha

Skill      XL: |  1  2  3  4  5  6 |
---------------+-------------------+-----
Armour         | 3 |  3.8
Long Blades    | 2 3 4 |  4.3
Shields        | 3 4 |  4.3
Fighting       | 4 |  4.2
Dodging        | |  0.3
Stealth        | |  0.1

Action                   |  1- 3 |  4- 6 |  7- 9 || total
-------------------------+-------+-------+-------++-------
Melee: Long sword        |   111 |   213 |     4 ||   328
  Use: Potion            |       |     4 |       ||     4
       Scroll            |       |     1 |       ||     1
  Eat: Chunk             |       |     6 |       ||     6
Armor: Scale mail        |    33 |       |       ||    33
       Plate armour      |    36 |   207 |     2 ||   245
       Skin              |       |     2 |       ||     2
Dodge: Dodged            |    46 |    70 |     3 ||   119
Block: Shield            |    66 |   152 |     2 ||   220
       Rpst.: Long sword |    16 |    25 |       ||    41
